 Dungeon Crawl Stone Soup version 0.28-a0-1387-g3a22ab9bdc (webtiles) character file.

Game seed: 15271579197935210271

11 croobank the Sneak (level 2, -1/14 HPs)
             Began as a Felid Delver on Jan 2, 2022.
             Succumbed to an adder's poison
             ... on level 2 of the Dungeon.
             The game lasted 00:03:51 (675 turns).

croobank the Sneak (Felid Delver)                    Turns: 675, Time: 00:03:52

Health: -1/14      AC:  1    Str:  8    XL:     2   Next: 17%
Magic:  3/3        EV: 18    Int: 11    God:
Gold:   43         SH:  0    Dex: 17    Spells: 1/1 levels left
                                        Lives:  0   Deaths: 0

rFire   . . .      SeeInvis +     - Unarmed
rCold   . . .      Faith    .   (shield unavailable)
rNeg    . . .      Spirit   .   (armour unavailable)
rPois   .          Reflect  .   (helmet unavailable)
rElec   .          Harm     .   (cloak unavailable)
rCorr   .          Rampage  .   (gloves unavailable)
Will    .....                   (boots unavailable)
Stlth   ++........              (no amulet)
HPRegen 0.04/turn               (no ring)
MPRegen 0.08/turn               (no ring)

@: lethally poisoned (-1 -> -10), very slow
A: very small, claws 1, fangs 3, see invisible, speed 1, shaggy fur 1, stealthy
paws, no weapons or thrown items, no armour, multi-lived
a: no special abilities


You were on level 2 of the Dungeon.
You visited 1 branch of the dungeon, and saw 4 of its levels.

You collected 43 gold pieces.

Inventory:

Wands
 e - a wand of digging (7)
Scrolls
 a - a scroll of fog
 b - a scroll of magic mapping
 g - a scroll of teleportation {unknown}
 i - a scroll of blinking {unknown}
Potions
 d - 2 potions of haste
 f - a potion of curing {unknown}
 h - a potion of degeneration {unknown}


   Skills:
 + Level 3.1 Fighting
 + Level 3.0 Dodging
 + Level 6.8 Stealth
 + Level 2.2 Unarmed Combat


You had one spell level left.
You didn't know any spells.
Your spell library contained the following spells:

 Spells                   Type           Power      Damage    Failure   Level
 Frozen Ramparts          Ice            0%         1d2       71%         3
 Ice Form                 Ice/Tmut       0%         N/A       98%         4
 Summon Ice Beast         Ice/Summ       0%         N/A       98%         4


Dungeon Overview and Level Annotations

Branches:
Dungeon (5/15)
 Temple: D:4-7

Altars:
Dithmenos


Innate Abilities, Weirdness & Mutations

You have sharp claws.
You have razor-sharp teeth.
You have supernaturally acute eyesight. (SInv)
You cover ground quickly. (Speed+)
You are covered in fur. (AC +1)
Your paws help you pounce on unaware monsters.
You are incapable of wielding weapons or throwing items.
You cannot wear armour.
You gain extra lives every three experience levels.


Message History

You scratch the frilled lizard.
You kill the frilled lizard!
An endoplasm comes into view.
The endoplasm quivers.
The endoplasm hits you.
You scratch the endoplasm. You claw the endoplasm.
You kill the endoplasm!
HP restored.
A bat comes into view.
The bat hits you.
You scratch the bat but do no damage. You claw the bat.
You kill the bat!
A worm comes into view.
An adder comes into view.
The adder moves out of view.
A goblin comes into view. It is wielding a +0 dagger.
You enter the shallow water.
Moving in this stuff is going to be slow.
A bat, an adder and a giant cockroach come into view.
The adder barely misses you.
Your unstable footing causes you to fumble your attack.
The adder barely misses you.
The adder hisses angrily.
You scratch the adder.
The adder is heavily wounded.
The adder bites you.
You are poisoned.
The adder poisons you! The adder barely misses you.
You barely miss the adder. You bite the adder, but do no damage.
The adder is heavily wounded.
You feel sick. The adder barely misses you. The adder bites you.
* * * LOW HITPOINT WARNING * * *
You are more poisoned.
The adder poisons you!
Okay, then.
As you read the scroll of fear, it crumbles to dust.
You assume a fearsome visage.
The giant cockroach looks frightened!
The adder looks frightened! x2
* * * LOW HITPOINT WARNING * * *
You feel sick.
You die...

#.# ≈♣≈≈g≈P≈≈≈≈≈≈≈≈≈≈≈≈P≈
#.#♣≈≈≈≈P♣≈≈≈≈≈≈≈≈≈≈≈≈≈P≈
#.≈≈≈≈≈≈≈≈≈≈≈≈≈≈≈≈≈≈≈≈P≈b
#.≈♣≈P≈P≈≈≈≈≈≈≈≈≈≈≈≈≈≈≈≈≈
#.♣♣≈≈≈≈♣≈≈≈≈≈S≈≈≈≈≈≈≈≈≈P
#.#≈♣≈≈≈≈≈≈≈≈≈≈≈≈≈≈≈≈≈≈≈≈
#...≈♣≈≈≈♣≈≈≈≈≈≈≈≈≈≈≈P≈♣P
###..≈♣♣≈≈♣≈≈♣≈≈≈S≈≈≈≈P≈≈
##.♣♣≈≈≈♣P≈@≈≈≈P≈B♣≈♣P♣
#....≈≈♣♣≈≈≈≈≈♣♣≈♣
####.....P≈P♣♣P≈≈♣
########## ####


You could see 2 adders and a giant cockroach (fleeing).

Vanquished Creatures
  2 bats (D:2)
  3 endoplasms (D:2)
  A goblin (D:2)
  A quokka (D:2)
  A ball python (D:2)
  A frilled lizard (D:2)
  2 rats (D:2)
11 creatures vanquished.

Vanquished Creatures (others)
  17 plants (D:2)
17 creatures vanquished.

Grand Total: 28 creatures vanquished

Notes
Turn   | Place    | Note
-------+----------+-------------------------------------------
     0 | D:5      | croobank the Felid Delver began the quest for the Orb.
     0 | D:5      | Reached XP level 1. HP: 10/10 MP: 2/2
     7 | D:5      | Noticed an iguana
    62 | D:5      | Identified the +5 long sword of Breach {drain, rC- rN+
                  | MP+9}
   464 | D:2      | Reached XP level 2. HP: 14/14 MP: 3/3
   505 | D:2      | Found a shadowy altar of Dithmenos.
   675 | D:2      | Succumbed to an adder's poison

Illustrated notes

Levels and vault maps discovered:
D:2:      layout_loops_ring, basic_altar, serial_bayou_lake_a
D:3:      layout_loops_corners, minivault_5, grunt_ministairs_9, st_stairs_3
D:4:      layout_loops_corners, led_sif_pool, uniq_edmund,
          uniq_crazy_yiuf_cottage
D:5:      nicolae_cairo_tiling_large_dashed, layout_basic

Skill      XL: |  1 |
---------------+----+-----
Dodging        | 3 |  3.0
Fighting       | |  3.1
Stealth        | |  6.8
Unarmed Combat | |  2.2

Action                   || total
-------------------------++-------
Melee: Unarmed           ||    24
       Bite              ||     2
       Punch             ||     2
  Use: Scroll            ||     1
 Stab: Sleeping          ||     1
Dodge: Dodged            ||    16

Table legend: (Time is in decaauts)
 A = Elapsed time spent in this place.
 B = Non-inter-level travel time spent in this place.
 C = Inter-level travel time spent in this place.
 D = Time resting spent in this place.
 E = Time spent auto-exploring this place.
 F = Levels seen in this place.
 G = Mean time per level.
                   A        B        C        D        E       F      G
               +--------+--------+--------+--------+--------+-----+--------+
         Total |    603 |    603 |      0 |    232 |    158 |   4 |  150.8 |
       Dungeon |    603 |    603 |      0 |    232 |    158 |   4 |  150.8 |
               +--------+--------+--------+--------+--------+-----+--------+

Top non-repeatable levels by time:
     D:2: 516 daAuts
     D:5: 66 daAuts
     D:4: 12 daAuts
     D:3: 7 daAuts
